 Dungeon Crawl Stone Soup version 0.18.1-50-g88ac8fd (webtiles) character file.

6884 Drunkenshrew the Fighter (level 10, -9/91 HPs)
             Began as a Grey Draconian Wizard on Oct 6, 2016.
             Was a Priest of Ashenzari.
             Mangled by Maud
             ... wielding a +1 war axe of venom
              (32 damage)
             ... on level 10 of the Dungeon.
             The game lasted 00:55:49 (9944 turns).

Drunkenshrew the Fighter (Grey Draconian Wizard)    Turns: 9944, Time: 00:55:49

Health: -9/91      AC: 16    Str: 14    XL:     10   Next: 79%
Magic:  2/17       EV: 23    Int: 21    God:    Ashenzari [***...]
Gold:   371        SH:  0    Dex: 15    Spells: 4 memorised, 10 levels left

rFire  . . .     SeeInvis +     n - +5 dagger (venom) (curse)
rCold  . . .     Gourm    .     (armour unavailable)
rNeg   . . .     Faith    .     (no shield)
rPois  .         Spirit   .     a - +0 hat
rElec  .         Dismiss  .     o - +2 cloak
rCorr  .         Reflect  .     D - +0 pair of gloves
SustAt .         Harm     .     (no boots)
MR     .....                    (no amulet)
Stlth  ++++......               y - +3 ring of evasion (curse)
                                t - +4 ring of strength (curse)

@: agile, lethally poisoned (-9 -> -60), about to teleport, very slightly
contaminated, invisible, not resistant to hostile enchantments, stealthy
A: walk through water, unfitting armour, unbreathing, cold-blooded, AC +12
a: Curse Item, Scrying, Renounce Religion


You were on level 10 of the Dungeon.
You worshipped Ashenzari.
Ashenzari was most pleased with you.
You were not hungry.

You visited 2 branches of the dungeon, and saw 11 of its levels.

You collected 488 gold pieces.
You spent 117 gold pieces at shops.

Inventory:

Hand Weapons
 n - a cursed +5 dagger of venom (weapon)
 u - a +3 quarterstaff of chaos
 v - a +0 hand crossbow
 x - a +1 hand axe of flaming
Armour
 a - a +0 hat (worn)
 o - a +2 cloak (worn)
 D - a +0 pair of gloves (worn)
 F - a +2 hat of intelligence
Magical Staves
 G - an uncursed staff of poison
Jewellery
 t - a cursed +4 ring of strength (left hand)
 y - a cursed +3 ring of evasion (right hand)
 B - the cursed ring of Miracles {rPois rN+ Str+2}
   (You acquired it on level 6 of the Dungeon)

   [ring of positive energy]

   It affects your strength (+2).
   It protects you from poison.
   It protects you from negative energy.
   It has a curse placed upon it.
Wands
 l - a wand of flame (12/48)
 p - a wand of heal wounds (5/9)
 w - a wand of lightning (9/15)
 C - a wand of random effects (18/48)
 E - a wand of lightning (9/15)
 H - a wand of teleportation (3/9)
 J - a wand of slowing (23/48)
Scrolls
 d - a scroll of amnesia
 g - 5 scrolls of teleportation
 I - a scroll of holy word
Potions
 f - 3 potions of haste
 h - 2 potions of flight
 m - 3 potions of mutation
 q - 4 potions of curing
 r - 3 potions of heal wounds
 s - 2 potions of lignification
 z - a potion of cure mutation {unknown}
 K - a potion of resistance {unknown}
 L - 2 potions of brilliance {unknown}
Books
 b - a book of Minor Magic

   Spells                             Type                      Level
   a - Magic Dart                     Conjuration                  1
   b - Blink                          Translocation                2
   c - Call Imp                       Summoning                    2
   d - Repel Missiles                 Charms/Air                   2
   e - Slow                           Hexes                        2
   f - Conjure Flame                  Conjuration/Fire             3
   g - Mephitic Cloud                 Conjuration/Poison/Air       3
Comestibles
 c - 6 bread rations
 i - 6 beef jerkies
 j - 5 meat rations
 A - 8 chunks of flesh
 M - 10 royal jellies


   Skills:
 - Level 9.0 Fighting
 - Level 2.1(4.3) Short Blades
 - Level 6.1 Dodging
 - Level 6.1 Stealth
 - Level 5.0 Spellcasting
 + Level 5.2(7.1) Conjurations
 - Level 4.1(5.9) Charms
 - Level 5.0(6.9) Summonings
 - Level 2.1(3.6) Translocations
 - Level 3.6(5.3) Fire Magic
 - Level 2.0(3.5) Air Magic


You had 10 spell levels left.
You knew the following spells:

 Your Spells              Type           Power        Failure   Level  Hunger
a - Conjure Flame         Conj/Fire      ####....     2%          3    ##.....
b - Call Imp              Summ           ####....     1%          2    None
c - Repel Missiles        Chrm/Air       ####..       1%          2    None
d - Blink                 Tloc           N/A          4%          2    None


Dungeon Overview and Level Annotations

Branches:
Dungeon (10/15)            Temple (1/1) D:4            Lair (0/8) D:8
    Orc: D:9-12

Altars:
Ashenzari
Cheibriados
Dithmenos
Elyvilon
Fedhas
Gozag
Kikubaaqudgha
Makhleb
Nemelex Xobeh
Okawaru
Pakellas
Ru
Sif Muna
Trog
Vehumet
Xom
Yredelemnul
Zin
The Shining One

Shops:
D:5 *

Annotations:
D:10 Maud


Innate Abilities, Weirdness & Mutations

You can walk through water.
Your dull iron-grey scales are very hard (AC +12).
Your body does not fit into most forms of armour.
You can survive without breathing.
You are cold-blooded and may be slowed by cold attacks.


Message History

You feel sick.
Maud screams, "Give me 'Entarex'!"
Maud hits you with a war axe of venom!!
* * * LOW HITPOINT WARNING * * *
You are more poisoned.
* * * LOW HITPOINT WARNING * * *
You feel very sick.
Zapping:
p - a wand of heal wounds (6/9)
Press: ? - help, Shift-Dir - straight line, f - you You feel much better.
This wand has 5 charges left.
* * * LOW HITPOINT WARNING * * *
You feel very sick. Maud hits you but does no damage.
You are more poisoned.
As you read the scroll of teleportation, it crumbles to dust.
You feel strangely unstable.
* * * LOW HITPOINT WARNING * * *
You feel very sick. Maud hits you with a war axe of venom!!
You die...

#..# #(.#
#..# #).#
#..# #)(#
* #..#
#..# #..#
#..#######
#.[#
#.........
#..#
#.†(......
#..#
#§)#######
* #..#
#@.# * #
#..# #@.#
* # #..#
#..# , #
#..# #).#
# #(.#
#..# #..#
#..# *
#..# #..#
#..# #..#
* #..#
#..# <


You could see Maud.

Vanquished Creatures
  Gastronok (D:8)
  Pikel (D:7)
  An elephant (D:8)
  Prince Ribbit (D:5)
  Grinder (D:4)
  Sigmund (D:6)
  Edmund (D:4)
  Menkaure (D:4)
  Duvessa (D:6)
  A black bear (D:9)
  A sky beast (D:10)
  2 orc warriors
  3 ice beasts
  2 ogres
  A phantom (D:5)
  A necrophage (D:9)
  A crocodile (D:8)
  2 centaurs (D:6)
  A big kobold (D:10)
  5 giant frogs
  Dowan (D:6)
  A wyvern zombie (D:7)
  A water moccasin skeleton (D:8)
  3 scorpions
  2 howler monkeys
  3 crimson imps
  A centaur skeleton (D:5)
  A giant frog skeleton (D:5)
  3 hounds
  6 jellies
  An iguana (D:4)
  13 orc wizards
  10 worker ants
  A sheep (D:8)
  A hound skeleton (D:8)
  9 adders
  3 shadow imps
  8 oozes
  An adder zombie (D:5)
  3 adder skeletons
  2 worms
  3 dart slugs
  4 giant geckos
  26 orcs
  4 giant cockroaches
  7 goblins
  A hobgoblin (D:1)
  6 jackals
  7 quokkas
  2 ball pythons
  7 bats
  A giant gecko zombie (D:8)
  4 giant newts
  A jackal skeleton (D:5)
  9 kobolds
  A quokka zombie (D:8)
  3 rats
189 creatures vanquished.

Vanquished Creatures (collateral kills)
  Psyche (D:10)
  A troll (D:10)
  A hungry ghost (D:8)
  A slave (D:7)
  A giant frog (D:6)
  A howler monkey (D:4)
  An orc priest (D:4)
  Crazy Yiuf (D:2)
  An orc wizard (D:4)
  A worker ant (D:4)
  2 adders
  A shadow imp (D:5)
  2 worms
  2 giant geckos
  6 orcs
  A giant cockroach (D:2)
  A hobgoblin (D:1)
  3 goblins
  3 kobolds
  2 rats
33 creatures vanquished.

Vanquished Creatures (others)
  An orc warrior (D:7)
  A slave (D:7)
  A crimson imp (D:7)
  A worker ant (D:7)
  3 orcs (D:7)
  A giant newt (D:7)
8 creatures vanquished.

Grand Total: 230 creatures vanquished

Notes
Turn   | Place    | Note
--------------------------------------------------------------
     0 | D:1      | Drunkenshrew the Draconian Wizard began the quest for the Orb.
     0 | D:1      | Reached XP level 1. HP: 14/14 MP: 4/4
   105 | D:1      | Reached XP level 2. HP: 6/20 MP: 6/6
   112 | D:1      | Learned a level 2 spell: Call Imp
   979 | D:1      | Reached XP level 3. HP: 20/26 MP: 3/7
  1509 | D:2      | Reached XP level 4. HP: 24/34 MP: 8/8
  1782 | D:2      | Noticed Crazy Yiuf
  1795 | D:2      | Killed Crazy Yiuf
  1795 | D:2      | Reached skill level 1 in Fighting
  2228 | D:3      | Reached skill level 1 in Short Blades
  2228 | D:3      | Reached XP level 5. HP: 35/40 MP: 2/9
  2352 | D:3      | Found a deep blue altar of Sif Muna.
  2355 | D:3      | Found a snail-covered altar of Cheibriados.
  2362 | D:3      | Found an iron altar of Okawaru.
  2372 | D:3      | Found a sacrificial altar of Ru.
  2372 | D:3      | Found a shadowy altar of Dithmenos.
  2376 | D:3      | Found a glowing silver altar of Zin.
  2605 | D:3      | Found a sparkling altar of Nemelex Xobeh.
  2764 | D:3      | Found a glowing golden altar of the Shining One.
  2929 | D:4      | Learned a level 3 spell: Conjure Flame
  2990 | D:4      | Found a shadowy altar of Dithmenos.
  3004 | D:4      | Reached skill level 2 in Fighting
  3013 | D:4      | Found a radiant altar of Vehumet.
  3066 | D:4      | Reached XP level 6. HP: 48/48 MP: 2/10
  3087 | D:4      | Noticed Grinder
  3129 | D:4      | Paralysed by Grinder for 2 turns
  3150 | D:4      | Paralysed by Grinder for 3 turns
  3157 | D:4      | Paralysed by Grinder for 4 turns
  3169 | D:4      | Killed Grinder
  3429 | D:4      | Found a staircase to the Ecumenical Temple.
  3434 | D:4      | Your scales start taking on a dull iron-grey colour.
  3434 | D:4      | Reached XP level 7. HP: 55/55 MP: 9/14
  3434 | D:4      | Gained mutation: You can survive without breathing. [Grey Draconian growth]
  3441 | Temple   | Entered the Ecumenical Temple
  3484 | Temple   | Became a worshipper of Ashenzari the Shackled
  3570 | D:4      | Found an oddly glowing altar of Pakellas.
  3627 | D:4      | Reached skill level 5 in Spellcasting
  3631 | D:4      | Learned a level 2 spell: Repel Missiles
  3707 | D:4      | Noticed Edmund
  3732 | D:4      | Killed Edmund
  3732 | D:4      | Reached skill level 1 in Charms
  4033 | D:4      | Reached skill level 1 in Air Magic
  4083 | D:4      | Noticed Menkaure
  4095 | D:4      | Killed Menkaure
  4216 | D:4      | Found an ancient bone altar of Kikubaaqudgha.
  4602 | D:5      | Entered Level 5 of the Dungeon
  4606 | D:5      | Noticed Prince Ribbit
  4619 | D:5      | Killed Prince Ribbit
  4619 | D:5      | Reached XP level 8. HP: 41/61 MP: 9/15
  5030 | D:5      | Found Bugon's Assorted Antiques.
  5044 | D:5      | Bought a green potion for 27 gold pieces
  5044 | D:5      | Bought a scroll of identify for 60 gold pieces
  5044 | D:5      | Bought a scroll labeled BOYN PUQEJI for 30 gold pieces
  5125 | D:5      | Reached * piety under Ashenzari
  5754 | D:6      | Reached skill level 5 in Summonings
  6106 | D:6      | Noticed Duvessa
  6110 | D:6      | Noticed Dowan
  6124 | D:6      | Killed Duvessa
  6134 | D:6      | Killed Dowan
  6221 | D:6      | Noticed Sigmund
  6233 | D:6      | Killed Sigmund
  6233 | D:6      | Reached XP level 9. HP: 67/67 MP: 16/16
  6324 | D:6      | Reached skill level 5 in Dodging
  6593 | D:6      | Identified a scroll of acquirement
  6593 | D:6      | Identified the cursed ring of Miracles {rPois rN+ Str+2} (You acquired it on level 6 of the Dungeon)
  6650 | D:7      | Noticed Pikel
  6669 | D:7      | Killed Pikel
  6930 | D:7      | Reached skill level 3 in Fighting
  7228 | D:7      | Reached skill level 4 in Fighting
  7407 | D:7      | Reached skill level 5 in Fighting
  7549 | D:8      | Reached ** piety under Ashenzari
  7595 | D:8      | Noticed Gastronok
  7618 | D:8      | Killed Gastronok
  7618 | D:8      | Reached skill level 8 in Fighting
  7618 | D:8      | Reached XP level 10. HP: 62/90 MP: 13/17
  7852 | D:8      | Found a blossoming altar of Fedhas.
  7891 | D:8      | Reached skill level 9 in Fighting
  8080 | D:8      | Found a staircase to the Lair.
  8080 | D:8      | Noticed an elephant
  8092 | D:8      | Killed an elephant
  8148 | D:8      | Learned a level 2 spell: Blink
  8946 | D:9      | Reached *** piety under Ashenzari
  9376 | D:9      | Reached skill level 5 in Stealth
  9437 | D:10     | Entered Level 10 of the Dungeon
  9650 | D:10     | Found a bloodstained altar of Trog.
  9707 | D:10     | Noticed Psyche
  9722 | D:10     | Killed Psyche
  9803 | D:10     | Reached skill level 5 in Conjurations
  9903 | D:10     | Noticed Maud
  9944 | D:10     | Mangled by Maud

Skill      XL: |  1  2  3  4  5  6  7  8  9 10 |
---------------+-------------------------------+-----
Dodging        | 2 4 6 |  6.1
Stealth        | 2 3 4 6 |  6.1
Summonings     | 2 3 4 5 |  5.0
Fighting       | 1 2 8 9 |  9.0
Short Blades   | 1 2 |  2.1
Spellcasting   | 4 5 |  5.0
Charms         | 2 4 |  4.1
Air Magic      | 1 2 |  2.0
Conjurations   | 2 4 5 |  5.2
Fire Magic     | 3 |  3.6
Translocations | 2 |  2.1

Action                   |  1- 3 |  4- 6 |  7- 9 | 10-12 || total
-------------------------+-------+-------+-------+-------++-------
Melee: Unarmed           |    19 |       |       |       ||    19
       Short sword       |    74 |       |       |       ||    74
       Tailslap          |    10 |     9 |    45 |    40 ||   104
       Dagger            |    31 |   106 |   423 |   300 ||   860
 Cast: Magic Dart        |     9 |       |       |       ||     9
       Call Imp          |    14 |    27 |    25 |    16 ||    82
       Conjure Flame     |       |     1 |       |     8 ||     9
       Repel Missiles    |       |       |     1 |       ||     1
       Blink             |       |       |       |     1 ||     1
Invok: Curse Item        |       |       |     3 |       ||     3
Evoke: Wand              |       |       |       |     7 ||     7
  Use: Scroll            |       |     6 |    16 |     7 ||    29
       Potion            |       |       |     2 |     3 ||     5
 Stab: Sleeping          |     1 |     2 |     8 |     7 ||    18
       Distracted        |       |       |     1 |       ||     1
       Invisible         |       |       |       |     1 ||     1
  Eat: Chunk             |     3 |     3 |     8 |     6 ||    20
       Pizza             |       |     1 |       |       ||     1
       Meat ration       |       |     1 |       |       ||     1
       Fruit             |       |       |     4 |     3 ||     7
Armor: Skin              |    31 |    34 |   121 |    91 ||   277
Dodge: Dodged            |    75 |    58 |   279 |   202 ||   614
       Deflected         |       |       |     1 |     1 ||     2
